 Dungeon Crawl Stone Soup version 0.28-a0-819-g6ef7baa362 (webtiles) character file.

Game seed: 10929798213177312179

1739 Essalna the Firebug (level 8, 0/51 (53) HPs)
             Began as a Demonspawn Fire Elementalist on Nov 8, 2021.
             Slain by a wight (4 damage)
             ... on level 7 of the Dungeon.
             The game lasted 00:09:56 (6772 turns).

Essalna the Firebug (Demonspawn Fire Elementalist)  Turns: 6772, Time: 00:09:57

HP:   0/51 (53)     AC:  3    Str:  8    XL:     8   Next: 77%
MP:   0/17          EV: 12    Int: 25    God:
Gold: 413           SH:  0    Dex: 14    Spells: 12/19 levels left

rFire   . . .      SeeInvis .   c - +6 dagger (vamp)
rCold   . . .      Faith    .   (no shield)
rNeg    . . .      Spirit   .   a - +0 robe
rPois   .          Reflect  .   (no helmet)
rElec   .          Harm     .   k - +0 cloak
rCorr   .          Rampage  .   (no gloves)
Will    .....                   (no boots)
Stlth   ++........              (no amulet)
HPRegen 0.17/turn               i - +6 ring of intelligence
MPRegen 0.15/turn               (no ring)

@: lightly drained
A: spiny 3
a: no special abilities


You were on level 7 of the Dungeon.
You visited 1 branch of the dungeon, and saw 8 of its levels.

You collected 413 gold pieces.

Inventory:

Hand Weapons
 c - a +6 vampiric dagger (weapon)
Missiles
 y - a throwing net
Armour
 a - a +0 robe (worn)
 k - a +0 cloak (worn)
Jewellery
 i - a +6 ring of intelligence (left hand)
Wands
 x - a wand of polymorph (12)
Scrolls
 b - 2 scrolls of noise {unknown}
 d - 4 scrolls of identify {unknown}
 e - a scroll of teleportation {unknown}
 g - a scroll of brand weapon {unknown}
 l - 3 scrolls of enchant weapon {unknown}
 m - a scroll of silence {unknown}
 p - a scroll of amnesia {unknown}
 r - a scroll of acquirement {unknown}
 v - a scroll of immolation {unknown}
 z - 2 scrolls of blinking {unknown}
 A - a scroll of fear {unknown}
 B - a scroll of enchant armour {unknown}
 C - a scroll of magic mapping {unknown}
 D - a scroll of vulnerability {unknown}
 E - a scroll of torment {unknown}
Potions
 f - 2 potions of degeneration {unknown}
 h - a potion of mutation {unknown}
 j - a potion of resistance {unknown}
 n - a potion of magic {unknown}
 o - 6 potions of curing {unknown}
 q - a potion of might {unknown}
 s - a potion of ambrosia {unknown}
 t - 2 potions of flight {unknown}
 u - 2 potions of heal wounds {unknown}
 w - a potion of lignification {unknown}


   Skills:
 + Level 0.9 Fighting
 + Level 0.8 Armour
 + Level 2.1 Dodging
 - Level 1.7 Stealth
 + Level 6.1 Spellcasting
 + Level 6.3 Conjurations
 + Level 6.4 Fire Magic


You had 12 spell levels left.
You knew the following spells:

 Your Spells              Type           Power      Damage    Failure   Level
a - Foxfire               Conj/Fire      100%       2x1d9     1%          1
b - Scorch                Fire           78%        2d8       1%          2
c - Flame Wave            Conj/Fire      39%        3d8       5%          4

Your spell library contained the following spells:

 Spells                   Type           Power      Damage    Failure   Level
 Shock                    Conj/Air       92%        1d8       1%          1
 Conjure Flame            Conj/Fire      39%        6-21      1%          3
 Static Discharge         Conj/Air       23%        N/A       3%          2
 Sticky Flame             Conj/Fire      39%        2d6       5%          4
 Inner Flame              Hex/Fire       23%        N/A       6%          3
 Animate Skeleton         Necr           14%        N/A       8%          1
 Pain                     Necr           28%        1d5       8%          1
 Ignite Poison            Fire/Tmut/Pois 18%        N/A       9%          3
 Mephitic Cloud           Conj/Pois/Air  18%        N/A       10%         3
 Gell's Gravitas          Tloc           7%         N/A       22%         3
 Lesser Beckoning         Tloc           7%         N/A       22%         3
 Swiftness                Air            7%         N/A       22%         3
 Teleport Other           Tloc           7%         N/A       22%         3
 Vampiric Draining        Necr           7%         2d6       22%         3
 Airstrike                Air            3%         N/A       58%         4
 Dispel Undead            Necr           7%         3d8       58%         4
 Freezing Cloud           Conj/Ice/Air   9%         6-21      65%         5


Dungeon Overview and Level Annotations

Branches:
Dungeon (8/15)
 Temple: D:4-7         Lair: D:8-11

Altars:
Elyvilon
Fedhas
Kikubaaqudgha
Makhleb
Qazlal
Trog
Uskayaw
Zin

Shops:
D:6 (

Annotations:
D:6 3 runed translucent doors, Glokmah's ghost, novice DrIE; skizzler's ghost, novice DsFi


Innate Abilities, Weirdness & Mutations

You are completely covered in sharp spines.


Message History

Casting: Scorch (safe; 1% risk of failure)
Confirm with . or Enter, or press ? or * to list all spells.
Flames lash the wight.
You destroy the wight!
The wight barely misses you.
Casting: Scorch (safe; 1% risk of failure)
Confirm with . or Enter, or press ? or * to list all spells.
Flames lash the wight.
The wight is burned terribly!
You destroy the wight!
Casting: Scorch (safe; 1% risk of failure)
Confirm with . or Enter, or press ? or * to list all spells.
Flames lash the wight.
The wight is moderately damaged.
The wight's fire resistance burns away.
Casting: Scorch (safe; 1% risk of failure)
Confirm with . or Enter, or press ? or * to list all spells.
You don't have enough magic to cast this spell.
Casting: Scorch (safe; 1% risk of failure)
Confirm with . or Enter, or press ? or * to list all spells.
You don't have enough magic to cast this spell.
Casting: Scorch (safe; 1% risk of failure)
Confirm with . or Enter, or press ? or * to list all spells.
You don't have enough magic to cast this spell.
The wight is no longer more vulnerable to fire.
Casting: Scorch (safe; 1% risk of failure)
Confirm with . or Enter, or press ? or * to list all spells.
You conjure some foxfire!
The wight completely misses you.
You hit the wight.
The wight is heavily damaged.
The foxfire hits the wight.
The wight is severely damaged.
The foxfire hits the wight.
The wight is almost destroyed.
The wight hits you with a +4 scimitar of freezing!
You feel drained.
* * * LOW HITPOINT WARNING * * *
The wight freezes you!
* * * LOW HITPOINT WARNING * * *
The wight hits you with a +4 scimitar of freezing.
You die...

...+..............# ##..#
...#.....#........# #..#
.........#.######## ##.#
.⌠...≈...#.# #.##.#
...≈≈≈≈..#.# ##########
#.##.. #..≈≈≈≈..#.#
#........####.##..
#..≈≈≈≈..#.#
#............>##..
..≈≈≈≈≈..#.#
#.z.......######..
.≈.......#.#####@........####
#..
._.....⌠.#..................#
#§.
....##...#######............#
#§. #######.##
#######.#....###§. ........#
#...)....... ...######
###)...###.# ####
....)........ ####.######.#
#.# #.#


You could see a wight.

Vanquished Creatures
  Sigmund (D:5)
  An orc warrior (D:7)
  A black bear (D:7)
  3 necrophages
  A sky beast (D:6)
  2 bullfrogs (D:7)
  A scorpion (D:5)
  4 wights (D:7)
  A centaur zombie (D:7)
  A bullfrog zombie (D:6)
  3 hounds
  2 jellies
  Crazy Yiuf (D:2)
  2 bullfrog skeletons (D:5)
  4 orc priests
  2 iguanas
  3 orc wizards
  2 hound skeletons
  5 adders
  4 gnolls (D:2)
  A white imp (D:6)
  An ufetubus (D:4)
  A worm (D:4)
  2 dart slugs
  14 orcs
  5 endoplasms
  A giant cockroach (D:1)
  2 goblins
  8 hobgoblins
  2 jackals (D:1)
  7 kobolds
  3 quokkas
  3 ball pythons
  3 bats
  A frilled lizard (D:1)
  5 rats
103 creatures vanquished.

Vanquished Creatures (others)
  A wizard (D:3)
  342 foxfires
343 creatures vanquished.

Grand Total: 446 creatures vanquished

Notes
Turn   | Place    | Note
-------+----------+-------------------------------------------
     0 | D:1      | Essalna the Demonspawn Fire Elementalist began the quest
                  | for the Orb.
     0 | D:1      | Reached XP level 1. HP: 13/13 MP: 3/3
   528 | D:1      | Gained mutation: You are partially covered in sharp spines.
                  | [demonic ancestry]
   528 | D:1      | Reached XP level 2. HP: 10/19 MP: 0/5
  1226 | D:2      | Gained mutation: You are mostly covered in sharp spines.
                  | [demonic ancestry]
  1226 | D:2      | Reached XP level 3. HP: 24/24 MP: 6/6
  1465 | D:2      | Found a runed translucent door.
  1466 | D:2      | Noticed Crazy Yiuf
  1693 | D:2      | Reached XP level 4. HP: 30/30 MP: 2/8
  2028 | D:3      | Learned a level 2 spell: Scorch
  2037 | D:3      | Learned a level 4 spell: Flame Wave
  2621 | D:2      | Killed Crazy Yiuf
  2622 | D:2      | Reached XP level 5. HP: 35/35 MP: 4/9
  2708 | D:3      | Found a stormy altar of Qazlal.
  3272 | D:3      | Found a blossoming altar of Fedhas.
  3281 | D:3      | Found a hide-covered altar of Uskayaw.
  3389 | D:3      | Found a bloodstained altar of Trog.
  3392 | D:3      | Noticed a wizard
  3399 | D:3      | Killed a wizard
  4219 | D:5      | Entered Level 5 of the Dungeon
  4228 | D:5      | Reached XP level 6. HP: 15/41 MP: 6/11
  4820 | D:5      | Noticed Sigmund
  4829 | D:5      | Killed Sigmund
  4830 | D:5      | Reached XP level 7. HP: 46/46 MP: 7/13
  5252 | D:6      | Found a runed translucent gate.
  5252 | D:6      | Found a runed translucent gate.
  5252 | D:6      | Found a runed translucent gate.
  5253 | D:6      | Noticed skizzler's ghost (novice DsFi)
  5254 | D:6      | Noticed Glokmah's ghost (novice DrIE)
  5322 | D:6      | Reached skill level 5 in Fire Magic
  5536 | D:6      | Reached skill level 5 in Conjurations
  5601 | D:6      | Reached skill level 5 in Spellcasting
  5628 | D:6      | Found Kecveu's Weapon Shoppe.
  5794 | D:6      | You fall into a shaft and drop 2 floors!
  5837 | D:7      | Gained mutation: You are completely covered in sharp
                  | spines. [demonic ancestry]
  5837 | D:7      | Reached XP level 8. HP: 52/52 MP: 8/15
  6561 | D:7      | Found an ancient bone altar of Kikubaaqudgha.
  6618 | D:7      | Found a burning altar of Makhleb.
  6772 | D:7      | Slain by a wight

Illustrated notes

Levels and vault maps discovered:
D:1:      amcnicky_arrival_single_pillar, layout_basic, corexii_corridor_pit,
          chequers_avenue, minmay_misc_feat_nine_boxes
D:2:      layout_basic, uniq_crazy_yiuf_cottage
D:3:      layout_loops_corners, mainiacjoe_overflow_24_doors, trog_wizard,
          amethyst_overflow_temple_binary
D:4:      layout_rooms, dk_vineyard_3
D:5:      layout_gridville, mainiacjoe_overflow_concentric_impassable,
          uniq_sigmund
D:6:      layout_gridville, gammafunk_ghost_cemetery, serial_rivers,
          chequers_serial_rivers_room_a, chequers_serial_rivers_room_a,
          chequers_serial_rivers_small_b, chequers_serial_rivers_micro_e,
          chequers_serial_rivers_micro_e, serial_shops, shop, feat_on_display
D:7:      layout_basic, makhleb_blood_cavern_becter, kiku_gazebo_pond_becter,
          mainiacjoe_overflow_small_starburst, kennysheep_mini_moat,
          minmay_temple_entry_fiery, lemuel_old_faithful
D:8:      layout_loops_ring, nicolae_overflow_crystal_walls, uniq_pikel,
          uniq_joseph

Skill      XL: |  1  2  3  4  5  6  7  8 |
---------------+-------------------------+-----
Fire Magic     | 3 4 5 6 |  6.4
Conjurations   | 2 3 4 5 6 |  6.3
Spellcasting   | 3 4 5 6 |  6.1
Dodging        | 2 |  2.1
Fighting       | |  0.9
Armour         | |  0.8
Stealth        | |  1.7

Action                   |  1- 3 |  4- 6 |  7- 9 || total
-------------------------+-------+-------+-------++-------
Melee: Unarmed           |    15 |       |       ||    15
       Dagger            |    25 |    36 |     3 ||    64
 Cast: Foxfire           |    25 |    79 |    95 ||   199
       Scorch            |       |     2 |    16 ||    18
 Stab: Sleeping          |     2 |     2 |       ||     4
Armor: Robe              |     8 |     7 |     3 ||    18
Dodge: Dodged            |    24 |    31 |     8 ||    63

Table legend: (Time is in decaauts)
 A = Elapsed time spent in this place.
 B = Non-inter-level travel time spent in this place.
 C = Inter-level travel time spent in this place.
 D = Time resting spent in this place.
 E = Time spent auto-exploring this place.
 F = Levels seen in this place.
 G = Mean time per level.
                   A        B        C        D        E       F      G
               +--------+--------+--------+--------+--------+-----+--------+
         Total |   6773 |   6602 |    171 |    170 |   5681 |   8 |  846.6 |
       Dungeon |   6773 |   6602 |    171 |    170 |   5681 |   8 |  846.6 |
               +--------+--------+--------+--------+--------+-----+--------+

Top non-repeatable levels by time:
     D:3: 1343 daAuts
     D:1: 1184 daAuts
     D:5: 1029 daAuts
     D:2: 970 daAuts
     D:7: 926 daAuts
     D:4: 720 daAuts
     D:6: 581 daAuts
     D:8: 17 daAuts
